 Seeded DCSS version 0.27-a0-1046-g98bf315 (webtiles) character file.

Game seed: 7323716169079990189 (custom seed)

294 ilyvion the Grave Robber (level 6, 0/30 HPs)
             Began as a Vine Stalker Necromancer on Apr 19, 2021.
             Slain by a centaur (4 damage)
             ... on level 5 of the Dungeon.
             The game lasted 00:28:42 (5586 turns).

ilyvion the Grave Robber (Vine Stalker Necromancer) Turns: 5586, Time: 00:28:43

Health: 0/30       AC:  5    Str: 10    XL:     6   Next: 34%
Magic:  0/11       EV: 11    Int: 17    God:
Gold:   214        SH:  4    Dex: 15    Spells: 6/11 levels left

rFire    . . .     SeeInvis .   r - +5 whip (pain)
rCold    . . .     Faith    .   n - +0 buckler
rNeg     . . .     Spirit   +   i - +0 leather armour
rPois    .         Reflect  .   (no helmet)
rElec    .         Harm     .   j - +0 cloak
rCorr    .         Rampage  .   o - +0 pair of gloves
Will     .....                  (no boots)
Stlth    ++........             (no amulet)
HPRegen  1.10/turn              (no ring)
MPRegen  0.12/turn              (no ring)

@: no status effects
A: fangs 2, regeneration 1, magic shield, antimagic bite, no potion heal 2
a: no special abilities


You were on level 5 of the Dungeon.
You visited 1 branch of the dungeon, and saw 5 of its levels.
You also visited: Ossuary.

You collected 214 gold pieces.

Inventory:

Hand Weapons
 h - a +2 morningstar of protection
 l - a +1 dagger
 r - a +5 whip of pain (weapon)
Missiles
 a - 5 boomerangs
 e - 14 poisoned darts
 k - 104 stones
Armour
 i - a +0 leather armour (worn)
 j - a +0 cloak (worn)
 n - a +0 buckler (worn)
 o - a +0 pair of gloves (worn)
Scrolls
 c - a scroll of teleportation
 g - 2 scrolls of immolation
Potions
 b - a potion of invisibility {unknown}
 d - a potion of heal wounds {unknown}
 f - 2 potions of brilliance {unknown}
 m - a potion of lignification {unknown}
 p - a potion of resistance {unknown}
 q - a potion of flight {unknown}


   Skills:
 * Level 2.2 Fighting
 - Level 1.2 Short Blades
 * Level 0.1 Maces & Flails
 + Level 2.4 Dodging
 + Level 3.8 Stealth
 * Level 1.8 Shields
 + Level 3.1 Spellcasting
 + Level 4.5 Necromancy


You had 6 spell levels left.
You knew the following spells:

 Your Spells              Type           Power      Damage    Failure   Level
a - Pain                  Necr           72%        1d7       4%          1
b - Animate Skeleton      Necr           36%        N/A       4%          1
c - Vampiric Draining     Necr           9%         2d7       14%         3

Your spell library contained the following spells:

 Spells                   Type           Power      Damage    Failure   Level
 Animate Dead             Necr           9%         N/A       43%         4
 Agony                    Necr           18%        N/A       78%         5


Dungeon Overview and Level Annotations

Branches:
Dungeon (5/15)            Ossuary (visited)
 Temple: D:4-7

Altars:
Cheibriados
Uskayaw
The Shining One

Annotations:
D:2 exclusion: 4 doors, Sigmund
D:3 1 runed translucent door, exclusions: 3 gnolls and water moccasin, plsesad's ghost, amateur KoEn
D:4 exclusion: ogre


Innate Abilities, Weirdness & Mutations

You have extremely sharp teeth.
Your natural rate of healing is unusually fast.
When hurt, damage is shared between your health and your magic reserves.
Your bite disrupts and absorbs the magic of your enemies.
Potions cannot restore your health.


Message History

The centaur shoots an arrow.
The arrow hits you! The arrow freezes you.
The centaur shouts!
The centaur wields a +0 shortbow.
The centaur shoots an arrow.
The arrow hits you!
The centaur shoots an arrow.
The arrow barely misses you.
There is an open door, spattered with blood here.
The centaur unwields a +0 shortbow.
You block the centaur's attack. The centaur closely misses you.
You close the door.
The centaur hits you but does no damage.
The centaur kicks you but does no damage.
You hit the centaur.
The centaur is lightly wounded.
The centaur barely misses you. The centaur closely misses you.
The centaur hits you. The centaur misses you.
Casting: Animate Skeleton (safe; 4% risk of failure)
Confirm with . or Enter, or press ? or * to list all spells.
Aiming: Pain (safe; 4% risk of failure)
Press: ? - help, Shift-Dir - straight line, f - centaur
Aim: a centaur, quivering arrows (lightly wounded, chance to affect: 78%)
The centaur writhes in agony.
The centaur hits you.
* * * LOW HITPOINT WARNING * * *
The centaur kicks you but does no damage.
Casting: Pain (safe; 4% risk of failure)
Confirm with . or Enter, or press ? or * to list all spells.
Aiming: Pain (safe; 4% risk of failure)
Press: ? - help, Shift-Dir - straight line, f/p - centaur
Aim: a centaur, quivering arrows (moderately wounded, chance to affect: 78%)
The centaur writhes in agony.
The centaur hits you.
* * * LOW HITPOINT WARNING * * *
The centaur kicks you but does no damage.
A centaur opens the door.
The centaur barely misses you. You block the centaur's attack.
The centaur shoots an arrow.
The arrow hits you.
* * * LOW HITPOINT WARNING * * *
The arrow freezes you.
* * * LOW HITPOINT WARNING * * *
As you read the scroll labelled VANKUT JOATUO, it crumbles to dust.
You feel aware of your surroundings.
It was a scroll of magic mapping.
The centaur hits you.
You die...

#.........# *,* *,* #.........#
*,* *,* #.........# *,* *,*
#########....)....#**,* *,*
#.......')........+,,,* *,*
#.#######.......<.######### *,*
#.# ##########........#**+***
#.################.........?,,,,,
.....(.........c@'/.........,>,,,
#.################c.........,,,,,
#.# #..........,,,,, #.###
#....?.....,,,,, ..[.#
*******#........##*+*** ....#
*,,,,,,#.(......# *,* ....#
*,,,,,,#........#**,*
....#******,,,,,,#..c.....**,,*
....+,,,,**,,,,,,****,,,,,,,,,*


You could see 2 centaurs.

Vanquished Creatures
  A gnoll sergeant (D:4)
  2 hounds (D:4)
  An iguana (D:4)
  A hound skeleton (D:4)
  A mummy (D:4)
  4 gnolls (D:4)
  2 adder skeletons (D:4)
  2 dart slugs
  3 orcs
  4 ball pythons
  7 endoplasms
  3 giant cockroaches
  4 goblins
  8 hobgoblins
  3 jackals (D:3)
  7 kobolds
  3 quokkas
  3 bats
  3 frilled lizards
  A quokka skeleton (D:4)
  4 rats
67 creatures vanquished.

Notes
Turn   | Place    | Note
-------+----------+-------------------------------------------
     0 | D:1      | ilyvion the Vine Stalker Necromancer began the quest for
                  | the Orb.
     0 | D:1      | Reached XP level 1. HP: 9/9 MP: 4/4
   335 | D:1      | Reached XP level 2. HP: 10/14 MP: 1/6
   939 | D:1      | Learned a level 1 spell: Animate Skeleton
  1289 | D:1      | Reached XP level 3. HP: 14/17 MP: 3/7
  1830 | D:2      | Learned a level 3 spell: Vampiric Draining
  2177 | D:2      | Noticed a scorpion
  2216 | D:2      | Noticed Sigmund
  2331 | D:2      | Reached skill level 1 in Fighting
  3139 | D:3      | Found a glowing golden altar of the Shining One.
  3642 | D:3      | Noticed a water moccasin
  3702 | D:3      | Noticed plsesad's ghost (amateur KoEn)
  3704 | D:3      | Found a runed translucent door.
  3744 | D:3      | Found a snail-covered altar of Cheibriados.
  3744 | D:3      | Found a hide-covered altar of Uskayaw.
  3949 | D:4      | Gained mutation: Your natural rate of healing is unusually
                  | fast. [Vine Stalker growth]
  3949 | D:4      | Reached XP level 4. HP: 19/22 MP: 6/9
  4032 | D:4      | Noticed an ogre
  4114 | D:4      | Found a sand-covered staircase.
  4224 | Ossuary  | Entered an ossuary
  4390 | D:4      | Reached skill level 1 in Shields
  4390 | D:4      | Reached XP level 5. HP: 25/25 MP: 10/10
  4702 | D:4      | Reached skill level 1 in Short Blades
  4851 | D:4      | Reached XP level 6. HP: 30/30 MP: 0/11
  5392 | D:5      | Entered Level 5 of the Dungeon
  5586 | D:5      | Slain by a centaur

Illustrated notes

Levels and vault maps discovered:
D:1:      shiori_arrival_oz, layout_loops_ring, hex_tiny
D:2:      layout_loops_corners, uniq_sigmund
D:3:      layout_basic, lemuel_tele_altar, gammafunk_temple_overflow_elements,
          hellmonk_ghost_happy_afterlife
D:4:      layout_basic, serial_glass, glass_columns_a, glass_columns_a,
          gup_ossuary_entry_pyramid
D:5:      layout_basic, chequers_serial_rivers_micro_c

Skill      XL: |  1  2  3  4  5 |
---------------+----------------+-----
Stealth        | 3 |  3.8
Dodging        | 2 |  2.4
Fighting       | 1 2 |  2.2
Shields        | 1 |  1.8
Short Blades   | 1 |  1.2
Spellcasting   | 3 |  3.1
Maces & Flails | |  0.1
Necromancy     | |  4.5

Action                   |  1- 3 |  4- 6 || total
-------------------------+-------+-------++-------
Melee: Unarmed           |     1 |       ||     1
       Dagger            |     8 |    37 ||    45
       Bite              |     3 |    10 ||    13
       Whip              |       |     1 ||     1
Throw: Stone             |     1 |     1 ||     2
       Dart              |       |     1 ||     1
 Cast: Pain              |    88 |    63 ||   151
       Animate Skeleton  |    14 |     3 ||    17
  Use: Scroll            |       |    12 ||    12
 Stab: Sleeping          |     1 |     1 ||     2
Armor: Leather armour    |     6 |    11 ||    17
Dodge: Dodged            |     9 |    38 ||    47
Block: Buckler           |       |    16 ||    16

Table legend: (Time is in decaauts)
 A = Elapsed time spent in this place.
 B = Non-inter-level travel time spent in this place.
 C = Inter-level travel time spent in this place.
 D = Time resting spent in this place.
 E = Time spent auto-exploring this place.
 F = Levels seen in this place.
 G = Mean time per level.
                   A        B        C        D        E       F      G
               +--------+--------+--------+--------+--------+-----+--------+
         Total |   5647 |   5433 |    214 |    204 |   4259 |   6 |  941.2 |
       Dungeon |   5643 |   5429 |    214 |    204 |   4259 |   5 | 1128.6 |
       Ossuary |      3 |      3 |      0 |      0 |      0 |   1 |    3.0 |
               +--------+--------+--------+--------+--------+-----+--------+

Top non-repeatable levels by time:
     D:1: 1658 daAuts
     D:4: 1439 daAuts
     D:2: 1393 daAuts
     D:3: 950 daAuts
     D:5: 201 daAuts
 Ossuary: 3 daAuts
